 Dungeon Crawl Stone Soup version 0.30-a0-585-g93115170b9 (webtiles) character file.

Game seed: 6831125325303089030

505 bmack86 the Chopper (level 6, -10/56 HPs)
             Began as a Minotaur Fighter on Jan 2, 2023.
             Killed from afar by Dowan (19 damage)
             ... with a shard of ice
             ... on level 4 of the Dungeon.
             The game lasted 00:09:21 (2845 turns).

bmack86 the Chopper (Minotaur Fighter)              Turns: 2845, Time: 00:09:21

Health: -10/56     AC: 13    Str: 23    XL:     6   Next: 96%
Magic:  5/5        EV:  7    Int:  5    God:
Gold:   6          SH:  5    Dex:  9    Spells: 5/5 levels left

rFire   + . .      SeeInvis .    a - +0 war axe
rCold   . . .      Faith    .    c - +1 buckler
rNeg    . . .      Spirit   .    g - +0 chain mail
rPois   .          Reflect  .    u - +2 hat
rElec   .          Harm     .    (no cloak)
rCorr   .          Rampage  .    f - +0 pair of gloves
Will    .....                    (no boots) Stlth
                                 (no amulet)
HPRegen 0.29/turn                m - ring of protection from fire
MPRegen 0.09/turn                (no ring)

@: no status effects
A: horns 2, retaliatory headbutt
a: no special abilities


You were on level 4 of the Dungeon.
You visited 1 branch of the dungeon, and saw 4 of its levels.

You collected 160 gold pieces.
You spent 154 gold pieces at shops.

Inventory:

Hand Weapons
 a - a +0 war axe (weapon)
Armour
 b - a +0 scale mail
 c - a +1 buckler (worn)
 f - a +0 pair of gloves (worn)
 g - a +0 chain mail (worn)
 u - a +2 hat (worn)
Jewellery
 m - a ring of protection from fire (left hand)
 n - an amulet of reflection
Scrolls
 o - a scroll of teleportation
 q - a scroll of fear {unknown}
 r - a scroll of vulnerability {unknown}
 s - a scroll of silence {unknown}
 t - a scroll of magic mapping
 v - a scroll of fog {unknown}
Potions
 d - a potion of magic {unknown}
 e - a potion of degeneration
 i - a potion of cancellation {unknown}
 j - a potion of curing {unknown}
 k - a potion of haste {unknown}
 l - a potion of mutation {unknown}
 p - a potion of invisibility {unknown}


   Skills:
 + Level 5.3 Fighting
 * Level 6.1 Axes
 + Level 5.3 Armour
 + Level 5.3 Shields


You had 5 spell levels left.
You didn't know any spells.
Your spell library contained the following spells:

 Spells                   Type           Power      Damage    Failure   Level
 Sting                    Tmut/Pois      0%         1d3       99%         1
 Poisonous Vapours        Pois/Air       0%         N/A       100%        2
 Ignite Poison            Fire/Tmut/Pois 0%         N/A       100%        3
 Kindle Blastsparks       Fire/Tloc/Air  0%         2d10      100%        3
 Olgreb's Toxic Radiance  Pois           0%         N/A       100%        4
 Freezing Cloud           Conj/Ice/Air   0%         6-21      100%        5


Dungeon Overview and Level Annotations

Branches:
Dungeon (4/15)
 Temple: D:4-7

Altars:

Shops:
D:3 (:[=

Annotations:
D:4 2 runed translucent doors, Dowan; PyroL's ghost, amateur OpTm


Innate Abilities, Weirdness & Mutations

You have a pair of horns on your head.
You reflexively headbutt those who attack you in melee.


Message History

Dowan barely misses you.
Found 8 stones.
Dowan gestures wildly while chanting.
Dowan blinks!
You see here a poisoned dart.
Dowan gestures at you while chanting. The shard of ice hits you!
Dowan hits you but does no damage. Dowan hits you with a +0 dagger.
You barely miss Dowan. Dowan hits you but does no damage.
You closely miss Dowan. Your headbutt misses Dowan. Dowan casts a spell at you.
The shard of ice hits you. Dowan hits you but does no damage.
You slash Dowan!
Dowan is heavily wounded.
Dowan hits you with a +0 dagger.
Dowan casts a spell.
Dowan blinks!
Dowan gestures wildly while chanting.
Dowan blinks!
Dowan gestures at you while chanting. The shard of ice hits you.
Dowan hits you but does no damage. You block Dowan's attack.
You block Dowan's attack.
You slash Dowan!
Dowan is severely wounded.
Dowan mumbles some strange words.
Dowan blinks!
Dowan points at you and mumbles some strange words.
You block the stone arrow. You block Dowan's attack.
Dowan mumbles some strange words.
Dowan blinks!
Dowan gestures at you while chanting. The stone arrow hits you!
* * * LOW HITPOINT WARNING * * *
Dowan shakes with grief.
Dowan breathes, "And she was my only..."
Dowan casts a spell at you. The shard of ice hits you!!
You die...

##.....## #.......
.# ####..... .#
..... #######.###
..... #.........
.. #.......#
.###.......#
..#..e...(#
#.#.@.....#
#.#.......#
#.........#
#########........#
#......).(((######
#####.#######.#.#
#...#.# #.#...
##.#.#.# #.###..#
.......# #.# ....


You could see Dowan (fast).

Vanquished Creatures
  Duvessa (D:4)
  A phantom (D:4)
  Blork the orc (D:4)
  A hound (D:4)
  Jessica (D:2)
  4 orc wizards (D:4)
  3 adders
  A dart slug (D:4)
  6 orcs (D:4)
  7 ball pythons
  3 endoplasms
  5 giant cockroaches
  7 goblins
  5 hobgoblins
  5 jackals
  A quokka (D:1)
  8 bats
  5 frilled lizards
  5 kobolds
  4 rats
74 creatures vanquished.

Notes
Turn   | Place    | Note
-------+----------+-------------------------------------------
     0 | D:1      | bmack86 the Minotaur Fighter began the quest for the Orb.
     0 | D:1      | Reached XP level 1. HP: 19/19 MP: 0/0
   105 | D:1      | Reached XP level 2. HP: 26/27 MP: 1/1
   130 | D:1      | Reached skill level 3 in Axes
   143 | D:1      | Found a faded altar of an unknown god.
   658 | D:2      | Noticed Jessica
   666 | D:2      | Killed Jessica
   667 | D:2      | Reached XP level 3. HP: 21/33 MP: 2/2
   863 | D:2      | Reached XP level 4. HP: 40/40 MP: 3/3
  1062 | D:2      | Reached skill level 4 in Axes
  1506 | D:3      | Found Coenwadgh's Antique Armour Emporium.
  1637 | D:3      | Found Wiucyac's Antique Weapon Shoppe.
  1720 | D:3      | Found Naphe's Jewellery Boutique.
  1894 | D:3      | Found Xexirohah's Book Boutique.
  2234 | D:3      | Bought a glowing hat for 154 gold pieces
  2308 | D:4      | Reached XP level 5. HP: 44/47 MP: 4/4
  2339 | D:4      | Reached skill level 5 in Axes
  2444 | D:4      | Noticed Blork the orc
  2459 | D:4      | Killed Blork the orc
  2460 | D:4      | Reached XP level 6. HP: 9/55 MP: 5/5
  2677 | D:4      | Reached skill level 5 in Fighting
  2677 | D:4      | Reached skill level 5 in Armour
  2677 | D:4      | Reached skill level 5 in Shields
  2692 | D:4      | Found a large runed translucent door.
  2693 | D:4      | Found a large runed translucent door.
  2698 | D:4      | Noticed PyroL's ghost (amateur OpTm)
  2812 | D:4      | Noticed Duvessa
  2814 | D:4      | Noticed Dowan
  2821 | D:4      | Killed Duvessa
  2822 | D:4      | Reached skill level 6 in Axes
  2845 | D:4      | Killed from afar by Dowan

Illustrated notes

Levels and vault maps discovered:
D:1:      grunt_arrival_crossed_arrows, layout_basic,
          ebering_ecumenical_altar_ruins
D:2:      layout_basic, minivault_24, uniq_jessica
D:3:      layout_rooms, serial_shops, shop_fountains, shop_statue, shop,
          nicolae_lakefront_shop
D:4:      layout_basic, ebering_ghost_disaster_area, uniq_duvessa,
          uniq_blork_the_orc

Skill      XL: |  1  2  3  4  5  6 |
---------------+-------------------+-----
Axes           | 3 4 5 6 |  6.1
Fighting       | 4 5 |  5.3
Armour         | 4 5 |  5.3
Shields        | 4 5 |  5.3

Action                   |  1- 3 |  4- 6 || total
-------------------------+-------+-------++-------
Melee: War axe           |    70 |   104 ||   174
       Headbutt          |     6 |    11 ||    17
Throw: Dart              |       |     5 ||     5
  Use: Scroll            |     3 |     4 ||     7
       Potion            |       |     2 ||     2
Armor: Scale mail        |    54 |    17 ||    71
       Chain mail        |       |    88 ||    88
       Skin              |       |     7 ||     7
Dodge: Dodged            |    53 |    44 ||    97
Block: Buckler           |    29 |    42 ||    71

Table legend: (Time is in decaauts)
 A = Elapsed time spent in this place.
 B = Non-inter-level travel time spent in this place.
 C = Inter-level travel time spent in this place.
 D = Time resting spent in this place.
 E = Time spent auto-exploring this place.
 F = Levels seen in this place.
 G = Mean time per level.
                   A        B        C        D        E       F      G
               +--------+--------+--------+--------+--------+-----+--------+
         Total |   2903 |   2679 |    224 |    105 |   1624 |   4 |  725.8 |
       Dungeon |   2903 |   2679 |    224 |    105 |   1624 |   4 |  725.8 |
               +--------+--------+--------+--------+--------+-----+--------+

Top non-repeatable levels by time:
     D:2: 876 daAuts
     D:3: 743 daAuts
     D:4: 650 daAuts
     D:1: 633 daAuts
